Unix NetHack Version 3.7.0-102 Work-in-progress - last build Apr 7 2024 00:22:53 (d302a6a9ff6341f1a922d8f5af178406b35fdf99,branch:master). Game began 2024-04-12 02:53:57, ended 2024-04-12 03:04:41. Merlek, neutral male human Priest --------- #.........# ------ #|.......|# ----------------###0#+.....## #|.......|# |.........Z.....#####|....| # #|.......|# |..........>...| #.....| # #---------# |..............| #|....| #### # # ----.-----d----- --- ## # ## ####@d ##------------ # # # # #|.%%%%!%%%%| # # ##### 0######-.!]%(%(%%%| # #---------.--- # |.%!%%%%%%%| --------# #|...........| # |.]%!%!%%%%| |.{....-# #............| ------------ |.^....| |...........| |......| |.......<..0| |......| |...........| |......| ------------- -------- Merlek the Acolyte St:12 Dx:13 Co:14 In:11 Wi:18 Ch:10 Neutral Dlvl:4 $:26 HP:0(32) Pw:30(30) AC:1 Xp:3/78 T:1884 Latest messages: You hit the werejackal. The werejackal changes into a jackal. The werejackal misses! You hit the werejackal. The werejackal bites! You miss the werejackal. The werejackal bites! You hit the werejackal. The werejackal misses! You miss the werejackal. The werejackal just misses! You hit the werejackal. The werejackal bites! You miss the werejackal. The werejackal summons help! A jackal suddenly appears next to you! A jackal suddenly appears next to you! A jackal suddenly appears next to you! The werejackal misses! The werejackal changes into a human. You hit the werejackal. The jackal misses! The jackal misses! The jackal misses! The werejackal hits! The werejackal changes into a jackal. You hit the werejackal. The jackal bites! The jackal misses! The jackal misses! The werejackal bites! The werejackal changes into a human. What do you want to write with? [- aqt or ?*] You write in the dust with your fingertip. The jackal misses! The jackal bites! The jackal misses! The werejackal misses! What do you want to write with? [- aqt or ?*] Do you want to add to the current engraving? [ynq] (y) You wipe out the message that was written in the dust here. You write in the dust with your fingertip. The jackal turns to flee. The jackal turns to flee. The jackal misses! The jackal turns to flee. The werejackal changes into a jackal. The werejackal bites! You die... Do you want your possessions identified? [ynq] (n) Inventory: Coins $ - 26 gold pieces Weapons t - 7 uncursed +0 shuriken a - a blessed +1 mace Armor c - an uncursed +0 small shield (being worn) b - an uncursed +0 robe (being worn) j - an uncursed +0 banded mail (being worn) Comestibles e - an uncursed clove of garlic n - an uncursed fortune cookie f - an uncursed sprig of wolfsbane p - an uncursed tin of deep fried jackal meat Spellbooks g - an uncursed spellbook of healing Potions d - 4 potions of holy water Gems/Stones q - an uncursed worthless piece of yellowish brown glass Merlek the Priest's attributes: Background: You were an Acolyte, a level 3 human Priest. You were neutral, nominally on a mission for Mog who was opposed by Issek (lawful) and Kos (chaotic). You were right-handed. You were in the Dungeons of Doom, on level 4. You entered the dungeon 1884 turns ago. It was nighttime. You had 78 experience points, 2 more were needed to attain level 4. Basics: You had 0 out of 32 hit points. You had all 30 energy points (spell power). Your armor class was 1. Your wallet contained 26 zorkmids. Autopickup was on for '$=?"/!%' plus thrown, with exceptions. Final Characteristics: Your strength was 12 (limit:18/100). Your dexterity was 13 (limit:18). Your constitution was 14 (limit:18). Your intelligence was 11 (limit:18). Your wisdom was 18 (limit:18). Your charisma was 10 (limit:18). Final Status: You weren't hungry. You were unencumbered. You were bare handed. You were unskilled in bare handed combat. Final Attributes: You were devoutly aligned. You were level-drain resistant. You were guarded. You were a werejackal. You were harmed by silver. You are dead. Miscellaneous: You never encountered a bones level. Total elapsed playing time was 10 minutes and 44 seconds. Major events: Turn 1: Merlek the neutral human Priest entered the dungeon 1011: attained the rank of Acolyte (level 3) 1884: killed by a werejackal Vanquished creatures: 2 shriekers a rothe a giant bat an acid blob a hobbit a gecko 3 jackals a fox 4 sewer rats 3 grid bugs 3 lichens 2 kobold zombies 3 newts 26 creatures vanquished. No species were genocided or became extinct. Voluntary challenges: You were an atheist. You read items or engraved 2 times. You engraved Elbereth 1 time. You never had a pet. You never genocided any monsters. You never polymorphed an object. You never changed form. You used no wishes. Achievements: You entered a shop. You attained the rank of Acolyte. The Dungeons of Doom: levels 1 to 6 Level 1: Some fountains. Level 2: Level 3: A fountain. Level 4: <- You were here. A fountain. Final resting place for you, killed by a werejackal. Level 5: Level 6: Game over: ---------- / \ / REST \ / IN \ / PEACE \ / \ | Merlek | | 26 Au | | killed by a | | werejackal | | | | | | 2024 | *| * * * | * _________)/\\_//(\/(/\)/\//\/|_)_______ Goodbye Merlek the Priest... You died in The Dungeons of Doom on dungeon level 4 with 586 points, and 26 pieces of gold, after 1884 moves. You were level 3 with a maximum of 32 hit points when you died.